AoeStats
← Zaissi

Coastal Forest

510338917Analyzed
4v4 RM · 7h ago on Sep 30, 2026· 40m 14s· 8 players
Game mode
Random Map
Map size
Large (8 player)
Population
200
Speed
Normal
Resources
Standard
Victory
Conquest
Starting age
Dark Age
Ending age
Imperial Age
RankedLock teamsTeams togetherTeam positionsShared explorationLock speedFull tech treeHidden civsTurbo modeCheats
Victory
Defeat
🇫🇮 Vietnamese · Finland
1470
+13
🇮🇳 Saxons · India
1428
+15
1418
+15
🇻🇳 Franks · Vietnam
1389
+16
🇦🇷 Khmer · Argentina
1598
-22
🇹🇼 Saracens · Taiwan
1346
-13
🇹🇼 Vikings · Taiwan
1341
-12
🇨🇳 Varangians · China
1325
-12
Zaissi
2:51 Loom
5:24 Loom
9:52 Feudal Age
11:08 Double-Bit Axe
13:59 Fletching
21:46 Castle Age
20:14 Gold Mining
20:07 Horse Collar
22:51 Bow Saw
23:19 Wheelbarrow
22:06 Crossbowman
22:45 Bodkin Arrow
22:55 Heavy Plow
26:01 Ballistics
28:58 Town Watch
30:27 Stone Mining
33:39 Thumb Ring
33:48 Thumb Ring
38:03 Imperial Age
35:55 Padded Archer Armor
38:12 Husbandry
38:22 Bloodlines
38:20 Scale Barding Armor
39:30 Chain Barding Armor
39:41 Scale Mail Armor
40:04 Elite Battle Elephant
41:27 Plate Barding Armor
FreakinGorkha
6:12 Loom
8:38 Feudal Age
9:34 Double-Bit Axe
16:43 Scale Barding Armor
17:52 Forging
19:49 Bloodlines
25:22 Castle Age
25:26 Horse Collar
25:24 Light Cavalry
shogun
9:10 Loom
11:22 Feudal Age
12:53 Wheelbarrow
12:08 Double-Bit Axe
17:35 Castle Age
15:43 Fletching
16:14 Padded Archer Armor
17:35 Gold Mining
18:01 Fishing Lines
19:04 Medium Warships
20:56 Bow Saw
21:28 Bodkin Arrow
21:49 Leather Archer Armor
27:52 Gillnets
30:05 Hand Cart
33:08 Imperial Age
31:03 Forging
31:57 Husbandry
32:03 Scale Barding Armor
32:33 Iron Casting
32:41 Gold Shaft Mining
33:39 Ballistics
33:29 Stone Mining
34:30 Heavy Warships
35:14 Chemistry
33:39 Cavalier
36:52 Chain Barding Armor
37:05 Paladin
39:13 Plate Barding Armor
39:39 Blast Furnace
eartahhj | GamingHouse
7:47 Loom
10:05 Feudal Age
13:15 Fletching
14:23 Wheelbarrow
13:40 Double-Bit Axe
15:33 Padded Archer Armor
19:25 Horse Collar
23:59 Castle Age
24:40 Crossbowman
25:18 Bodkin Arrow
25:38 Leather Archer Armor
29:04 Ballistics
30:08 Thumb Ring
37:06 Imperial Age
34:22 Town Watch
34:42 Man-at-Arms
35:22 Squires
36:01 Long Swordsman
36:54 Forging
37:12 Bow Saw
37:17 Arbalester
39:09 Chemistry
39:02 Two-Handed Swordsman
好好好吃蛋餅
6:46 Loom
8:59 Feudal Age
9:32 Double-Bit Axe
11:00 Horse Collar
18:01 Scale Barding Armor
18:54 Bloodlines
22:56 Town Watch
26:15 Castle Age
24:29 Forging
24:13 Gold Mining
27:10 Husbandry
27:32 Chain Barding Armor
26:45 Light Cavalry
29:37 Bow Saw
29:51 Fletching
32:18 Bodkin Arrow
31:45 Elite Skirmisher
32:52 Padded Archer Armor
36:35 Leather Archer Armor
36:54 Ballistics
36:59 Thumb Ring
37:17 Heavy Plow
2手下留情1
8:21 Loom
11:25 Feudal Age
13:36 Double-Bit Axe
16:34 Castle Age
15:52 Gold Mining
17:38 Medium Warships
22:16 Bow Saw
23:53 Horse Collar
28:08 Fletching
29:06 Gold Shaft Mining
28:35 Heavy Plow
28:13 Crossbowman
31:47 Imperial Age
31:01 Ballistics
30:46 Bodkin Arrow
31:18 Town Watch
31:50 Arbalester
32:48 Bracer
32:49 Padded Archer Armor
37:14 Chemistry
37:02 Elite Varangian Guard
38:03 Leather Archer Armor
37:50 Scale Mail Armor
38:00 Forging
丧心病狂
4:37 Loom
10:20 Feudal Age
15:16 Fletching
27:08 Castle Age
27:20 Crossbowman
[KOF] JoakoM
7:38 Loom
10:32 Feudal Age
11:09 Double-Bit Axe
18:00 Castle Age
16:45 Scale Barding Armor
17:14 Fishing Lines
17:47 Forging
18:06 Light Cavalry
19:10 Chain Barding Armor
25:36 Wheelbarrow
26:26 Gillnets
28:30 Bloodlines
28:21 Husbandry
Connection lost

Rejoining the realm…

Still unreachable

The connection could not be restored.

Session expired

The server has moved on; the page needs a fresh start.